 Dungeon Crawl Stone Soup version 0.30-a0-457-g4b7bca3bfa (webtiles) character file.

Game seed: 10452502313393159399

378 PimpSugar the Magician (level 6, -1/44 HPs)
             Began as a Demonspawn Hedge Wizard on Dec 14, 2022.
             Killed from afar by Sigmund (2 damage)
             ... with a magic dart
             ... on level 4 of the Dungeon.
             The game lasted 00:17:36 (3956 turns).

PimpSugar the Magician (Demonspawn Hedge Wizard)    Turns: 3956, Time: 00:17:36

Health: -1/44      AC:  3    Str: 16    XL:     6   Next: 45%
Magic:  12/12      EV: 12    Int: 18    God:
Gold:   241        SH:  0    Dex: 18    Spells: 9/13 levels left

rFire   . . .      SeeInvis .    c - +2 sling (freeze)
rCold   . . .      Faith    .    (no shield)
rNeg    . . .      Spirit   .    b - +0 robe
rPois   .          Reflect  .    j - +0 helmet
rElec   .          Harm     .    (no cloak)
rCorr   .          Rampage  .    (no gloves)
Will    .....                    (no boots)
Stlth   ++........               p - amulet of magic regeneration
HPRegen 0.27/turn                o - +6 ring of strength
MPRegen 0.53/turn                x - +6 ring of dexterity

@: no status effects
A: powered by death 1, weakness stinger 2
a: no special abilities


You were on level 4 of the Dungeon.
You visited 1 branch of the dungeon, and saw 4 of its levels.

You collected 241 gold pieces.

Inventory:

Hand Weapons
 a - a +0 dagger
 c - a +2 sling of freezing (weapon)
 g - a +1 dagger of electrocution
 i - a +0 sling
 y - a +1 dagger of venom
Missiles
 f - 31 stones
 u - 7 poisoned darts
Armour
 b - a +0 robe (worn)
 j - a +0 helmet (worn)
 q - a +2 plate armour of fire resistance
Jewellery
 o - a +6 ring of strength (left hand)
 p - an amulet of magic regeneration (around neck)
 x - a +6 ring of dexterity (right hand)
Wands
 t - a wand of roots (13)
Scrolls
 e - a scroll of enchant armour {unknown}
 k - 2 scrolls of teleportation
 l - 3 scrolls of vulnerability
 v - 2 scrolls of fear
Potions
 d - 3 potions of magic
 h - 2 potions of degeneration
 m - a potion of lignification {unknown}
 n - 2 potions of curing
 r - a potion of attraction
 s - 3 potions of mutation {unknown}
 w - a potion of resistance {unknown}


   Skills:
 + Level 2.3 Fighting
 - Level 1.7 Dodging
 - Level 1.7 Stealth
 * Level 4.3 Spellcasting
 * Level 3.1 Conjurations
 + Level 2.2 Summonings
 + Level 2.0 Translocations
 + Level 1.2 Fire Magic
 + Level 0.6 Air Magic
 + Level 0.7 Evocations


You had 9 spell levels left.
You knew the following spells:

 Your Spells              Type           Power      Damage    Failure   Level
a - Magic Dart            Conj           60%        1d6       3%          1
b - Call Imp              Summ           11%        N/A       9%          2
f - Foxfire               Conj/Fire      44%        2x1d6     6%          1

Your spell library contained the following spells:

 Spells                   Type           Power      Damage    Failure   Level
 Blink                    Tloc           22%        N/A       10%         2
 Slow                     Hex            12%        N/A       14%         1
 Cigotuvi's Dreadful Rot  Necr/Pois/Air  8%         N/A       21%         2
 Kindle Blastsparks       Fire/Tloc/Air  16%        2d11      26%         3
 Mephitic Cloud           Conj/Pois/Air  8%         N/A       26%         3
 Ignite Poison            Fire/Tmut/Pois 5%         N/A       34%         3
 Ozocubu's Armour         Ice            3%         N/A       38%         3
 Fireball                 Conj/Fire      5%         3d5       85%         5
 Freezing Cloud           Conj/Ice/Air   4%         6-21      93%         5
 Starburst                Conj/Fire      5%         6d4       100%        6
 Ozocubu's Refrigeration  Ice            1%         4d7       100%        7


Dungeon Overview and Level Annotations

Branches:
Dungeon (4/15)
 Temple: D:4-7

Altars:
Fedhas
Hepliaklqana

Annotations:
D:4 Sigmund


Innate Abilities, Weirdness & Mutations

You regenerate a little health from kills.
You have a tail ending in a sharp stinger.


Message History

Your crimson imp hits something.
Casting: Foxfire (safe; 6% risk of failure)
Confirm with . or Enter, or press ? or * to list all spells.
You conjure some foxfire!
The gnoll barely misses you. Something barely misses you.
The hobgoblin barely misses you.
Your crimson imp hits something.
The foxfire hits the hobgoblin but does no damage.
The hobgoblin is severely wounded.
The foxfire hits the hobgoblin.
The hobgoblin is almost dead.
The gnoll barely misses you. The hobgoblin hits you.
Your crimson imp barely misses something.
Something hits you!
You shoot a sling bullet.
The sling bullet barely misses the hobgoblin.
The gnoll misses you. The hobgoblin closely misses you.
Your crimson imp blinks!
The gnoll hits you from afar with a +0 halberd.
You shoot a sling bullet.
The sling bullet barely misses the hobgoblin.
The hobgoblin closely misses you. Something hits you.
* * * LOW HITPOINT WARNING * * *
The gnoll barely misses you. The hobgoblin closely misses you.
You feel much better. Something hits you.
The gnoll hits you from afar with a +0 halberd!
The hobgoblin hits you.
* * * LOW HITPOINT WARNING * * *
You shoot a sling bullet. The sling bullet hits the hobgoblin!
The sling bullet freezes the hobgoblin.
You kill the hobgoblin!
Your crimson imp hits the gnoll.
The gnoll barely misses your crimson imp.
Something hits you!
* * * LOW HITPOINT WARNING * * *
Your crimson imp hits the gnoll but does no damage.
The gnoll closely misses your crimson imp.
Your crimson imp hits the gnoll.
A magic dart appears from out of thin air!
The magic dart hits you.
You die...

#.#.###.###.# #####.#.#
######. #.#. #.# ####.###
..#.# ## #.#. #..
.......#.###.# # #. ####
....#.#.#.#.# # #
#..#.#...#.# # #
#....###.#.# # #
#.#...g.#.##### # #
##.#...{5......# #
#.###########...@#####.#...#
# #............#.#.# .# ..'
# # #...######.#...# .# # #
# #........#.#...# .# # #
#..#.#.#..†#...# .# #
#.......#.#...# .. #
#.#.#.#.#.#...# ## #
#.....†.#.#...#
####.#.#.#.#.#..


You could see a gnoll (distracted, ally target) and a friendly crimson imp
(summoned).

Vanquished Creatures
  2 hounds
  An orc priest (D:3)
  2 orc wizards (D:4)
  2 adders
  3 gnolls
  3 worms
  A dart slug (D:1)
  5 orcs
  6 ball pythons
  7 bats
  9 endoplasms
  A giant cockroach (D:2)
  12 goblins
  10 hobgoblins
  A quokka (D:2)
  3 frilled lizards
  5 kobolds
  6 rats
79 creatures vanquished.

Vanquished Creatures (collateral kills)
  2 orc wizards (D:4)
  2 gnolls (D:3)
  2 orcs (D:4)
  A goblin (D:1)
  2 kobolds
  A quokka (D:2)
10 creatures vanquished.

Vanquished Creatures (others)
  An orc wizard (D:3)
  148 foxfires
  8 fungi (D:4)
  A plant (D:1)
158 creatures vanquished.

Grand Total: 247 creatures vanquished

Notes
Turn   | Place    | Note
-------+----------+-------------------------------------------
     0 | D:1      | PimpSugar the Demonspawn Hedge Wizard began the quest for
                  | the Orb.
     0 | D:1      | Reached XP level 1. HP: 13/13 MP: 4/4
    98 | D:1      | Found a faded altar of an unknown god.
   127 | D:1      | Got Plato's Anthology of the Barrage
   148 | D:1      | Gained mutation: You have a small tail. [demonic ancestry]
   148 | D:1      | Reached XP level 2. HP: 20/20 MP: 3/6
   193 | D:1      | Learned a level 2 spell: Call Imp
   746 | D:1      | Reached skill level 1 in Translocations
   752 | D:1      | Reached skill level 1 in Fighting
   995 | D:2      | Reached XP level 3. HP: 7/26 MP: 0/7
  1437 | D:2      | Learned a level 1 spell: Foxfire
  2069 | D:3      | Gained mutation: You regenerate a little health from kills.
                  | [demonic ancestry]
  2069 | D:3      | Reached XP level 4. HP: 32/32 MP: 9/9
  2295 | D:3      | Reached skill level 4 in Spellcasting
  2295 | D:3      | Reached XP level 5. HP: 26/38 MP: 9/11
  3240 | D:4      | Reached skill level 1 in Fire Magic
  3560 | D:4      | Found a blossoming altar of Fedhas.
  3561 | D:4      | Found a hazy altar of Hepliaklqana.
  3594 | D:4      | Gained mutation: You have a tail ending in a sharp stinger.
                  | [demonic ancestry]
  3594 | D:4      | Reached XP level 6. HP: 36/44 MP: 12/12
  3937 | D:4      | Noticed Sigmund
  3955 | D:4      | HP: 1/44 [something (10)]
  3956 | D:4      | Killed from afar by Sigmund

Illustrated notes

Levels and vault maps discovered:
D:1:      tarquinn_simple_flora_water_a, layout_basic,
          shapermc_ecumenical_altar_rom_forum, minmay_tetromino_i4
D:2:      layout_loops_ring, chequers_serial_rivers_micro_a,
          chequers_serial_rivers_large_b
D:3:      layout_basic, minmay_goblin_outpost
D:4:      layout_basic, chequers_temple_overflow_statue_of_worship,
          glass_columns_b, dreamdust_gnoll_farm, uniq_sigmund

Skill      XL: |  1  2  3  4  5  6 |
---------------+-------------------+-----
Translocations | 1 2 |  2.0
Fighting       | 1 2 |  2.3
Conjurations   | 2 3 |  3.1
Spellcasting   | 4 |  4.3
Fire Magic     | 1 |  1.2
Summonings     | 2 |  2.2
Dodging        | |  1.7
Stealth        | |  1.7
Air Magic      | |  0.6
Evocations     | |  0.7

Action                   |  1- 3 |  4- 6 || total
-------------------------+-------+-------++-------
Melee: Dagger            |    69 |    36 ||   105
       Tailslap          |     6 |     5 ||    11
       Sling             |       |     4 ||     4
 Fire: Sling             |    21 |    39 ||    60
 Cast: Magic Dart        |    27 |     3 ||    30
       Call Imp          |     8 |     7 ||    15
       Foxfire           |    27 |    71 ||    98
  Use: Scroll            |     4 |     3 ||     7
       Potion            |     1 |     7 ||     8
 Stab: Sleeping          |     1 |       ||     1
Armor: Robe              |    32 |    20 ||    52
Dodge: Dodged            |    55 |    59 ||   114

Table legend: (Time is in decaauts)
 A = Elapsed time spent in this place.
 B = Non-inter-level travel time spent in this place.
 C = Inter-level travel time spent in this place.
 D = Time resting spent in this place.
 E = Time spent auto-exploring this place.
 F = Levels seen in this place.
 G = Mean time per level.
                   A        B        C        D        E       F      G
               +--------+--------+--------+--------+--------+-----+--------+
         Total |   4008 |   3767 |    241 |    472 |   1993 |   4 | 1002.0 |
       Dungeon |   4008 |   3767 |    241 |    472 |   1993 |   4 | 1002.0 |
               +--------+--------+--------+--------+--------+-----+--------+

Top non-repeatable levels by time:
     D:3: 1154 daAuts
     D:2: 1088 daAuts
     D:1: 975 daAuts
     D:4: 789 daAuts
